Description

My own custom build :) Not Finished yet

Build Order

Get SALT Encoding   

  14  0:01  SCV  
  15  0:09  SCV  
  15  0:18  Supply Depot  
  15  0:21  SCV  
  15  0:29  Refinery  
  15  0:33  SCV  
  15  0:46  Barracks  And SCV
  21  0:58  SCV  
  21  1:01  Refinery  3/3 GAS
  21  1:05  SCV  
  28  1:14  Supply Depot  
  28  1:21  SCV  
  28  1:36  Factory  
  28  1:41  Orbital Command  
  35  1:49  Supply Depot  
  35  1:56  Barracks Reactor  MULE #1
  35  2:06  SCV  
  35  2:20  Factory Tech Lab  
  35  2:22  Barracks  
  35  2:30  Command Center  
  35  2:40  Marine x2  
  35  2:44  Bunker  
  35  2:56  Siege Tank  
  35  3:00  Marine x2  
  35  3:04  SCV  MULE #2
  35  3:07  Refinery  
  42  3:14  SCV  
  42  3:21  Barracks Tech Lab  
  42  3:30  Engineering Bay  
  42  3:33  Engineering Bay  
  42  3:37  SCV  
  42  3:45  Marine x3  
  42  3:47  SCV  
  42  4:00  Orbital Command  
  42  4:05  Refinery  
  42  4:12  Terran Infantry Armor Level 1  MULE #3
  42  4:18  Terran Infantry Weapons Level 1  
  42  4:20  SCV  x4
  42  4:25  Marine x3  MULE #4, MULE #4, MULE #4
  42  4:33  Starport  
  42  4:38  Supply Depot  
  42  4:40  SCV  x4
  42  4:53  Armory   GAS 3/3
  42  4:45  SCV  x4
  42  4:50  Marine x3  x4
  49  5:10  Reactor  
  49  5:13  Command Center  
  49  5:16  Supply Depot  MULES
  56  5:20  Starport  
  56  5:24  SCV  x4
  56  5:35  Terran Infantry Armor Level 2  
  56  5:38  Terran Infantry Weapons Level 2  
Spawning Tool Build Advisor. Get it on Overwolf

Go to:

Details

  • Created by: RiptideBongolio
  • Published on: Jan 12, 2020
  • Modified on: Jan 14, 2020
  • Patch: 4.11.0
Show
View Real Time Build Order
Export as new Build Order

Comments (0)

There are no comments. Be the first!

Create an account to comment!